 Dungeon Crawl Stone Soup version 0.28.0-53-g5a82cb258f (webtiles) character file.

Game seed: 12050295741484148402

60 bnorton916 the Magician (level 3, -10/19 HPs)
             Began as a Deep Elf Fire Elementalist on June 8, 2022.
             Mangled by an iguana (12 damage)
             ... on level 2 of the Dungeon.
             The game lasted 00:02:03 (3647 turns).

bnorton916 the Magician (DEFE)                      Turns: 3647, Time: 00:02:03

Health: -10/19     AC:  4    Str:  5    XL:     3   Next: 82%
Magic:  6/10       EV: 12    Int: 21    God:
Gold:   59         SH:  0    Dex: 15    Spells: 7/10 levels left

rFire   . . .      SeeInvis +   (no weapon)
rCold   . . .      Faith    .   (no shield)
rNeg    . . .      Spirit   .   a - +0 robe
rPois   .          Reflect  .   (no helmet)
rElec   .          Harm     .   (no cloak)
rCorr   .          Rampage  .   d - +1 pair of gloves
Will    .....                   (no boots)
Stlth   ++........              (no amulet)
HPRegen 0.06/turn               h - ring of see invisible
MPRegen 0.12/turn               (no ring)

@: no status effects
A: no striking features
a: no special abilities


You were on level 2 of the Dungeon.
You visited 1 branch of the dungeon, and saw 3 of its levels.

You collected 59 gold pieces.

Inventory:

Missiles
 c - 74 stones
Armour
 a - a +0 robe (worn)
 d - a +1 pair of gloves (worn)
Jewellery
 h - a ring of see invisible (left hand)
 j - an amulet of guardian spirit
Scrolls
 f - a scroll of identify {unknown}
 g - 2 scrolls of fog {unknown}
Potions
 b - 2 potions of might {unknown}
 e - a potion of curing {unknown}
 i - a potion of flight {unknown}


   Skills:
 - Level 2.4 Dodging
 - Level 2.4 Stealth
 + Level 4.1 Spellcasting
 + Level 2.4 Conjurations
 + Level 4.0 Fire Magic


You had 7 spell levels left.
You knew the following spells:

 Your Spells              Type           Power      Damage    Failure   Level
a - Foxfire               Conj/Fire      72%        2x1d7     3%          1
b - Scorch                Fire           42%        2d7       3%          2

Your spell library contained the following spells:

 Spells                   Type           Power      Damage    Failure   Level
 Conjure Flame            Conj/Fire      18%        6-21      10%         3
 Inner Flame              Hex/Fire       12%        N/A       16%         3
 Flame Wave               Conj/Fire      18%        2d6       30%         4
 Gell's Gravitas          Tloc           4%         N/A       34%         3
 Teleport Other           Tloc           4%         N/A       34%         3
 Dispersal                Tloc           2%         N/A       100%        6


Dungeon Overview and Level Annotations

Branches:
Dungeon (3/15)

Altars:


Message History

You conjure some foxfire!
Your foxfire dissipates!
Your foxfire dissipates!
Your magical contamination has completely faded away.
Your foxfire dissipates! x2
There is a stone staircase leading up here.
There is a stone staircase leading down here.
Key pressed, stopping explore.
An iguana comes into view.
An iguana is nearby!
An iguana is nearby!
An iguana is nearby!
Casting: Foxfire (safe; 3% risk of failure)
Confirm with . or Enter, or press ? or * to list all spells.
Flames lash the iguana.
The iguana hisses angrily.
The iguana is moderately wounded.
The iguana's fire resistance burns away.
An adder comes into view.
The iguana is no longer more vulnerable to fire.
The iguana hisses menacingly.
The iguana bites you!
There is a stone staircase leading down here.
There is a stone staircase leading up here.
Casting: Scorch (safe; 3% risk of failure)
Confirm with . or Enter, or press ? or * to list all spells.
Flames lash the iguana but do no damage.
The iguana bites you. The iguana bites you.
* * * LOW HITPOINT WARNING * * *
You climb upwards.
There is a stone staircase leading down here.
Casting: Scorch (safe; 3% risk of failure)
Confirm with . or Enter, or press ? or * to list all spells.
Flames lash the iguana.
The iguana is heavily wounded.
The iguana's fire resistance burns away.
The iguana bites you!
Ouch! That really hurt!
You die...

########.#####...##
#....>.
#..............#..#
#.#####
#.######.#####....#
#.#
###.######.######.#.#
#.#
#...................#
#.#
#.#.######.######.#.#
#.# #.#.#
#.#####....#####.#
#.#.#
#.....l.#........#
#.#.#
#.###@#..).####### #
#.#.# #.###.##.#.# #
#.#.### #.##..P..#.#
# #.#...#
#.##.PP..#.# #
#.###.# #.##.....#.#
# #.# #.#
#..........# # #.#
#.# #.###.###### #
#.# #.# #.# #.# # #.#
#.# #.# #.# #


You could see an iguana (combustible).

Vanquished Creatures
  2 adders (D:2)
  A dart slug (D:2)
  A bat zombie (D:2)
  4 endoplasms (D:1)
  2 giant cockroaches (D:1)
  4 goblins
  3 hobgoblins (D:1)
  4 jackals (D:1)
  A quokka (D:1)
  6 ball pythons
  3 bats (D:1)
  3 frilled lizards
  A giant cockroach zombie (D:2)
  2 kobolds
37 creatures vanquished.

Vanquished Creatures (collateral kills)
  A foxfire (D:2)
1 creature vanquished.

Vanquished Creatures (others)
  181 foxfires
  A withered plant (D:2)
182 creatures vanquished.

Grand Total: 220 creatures vanquished

Notes
Turn   | Place    | Note
-------+----------+-------------------------------------------
     0 | D:1      | bnorton916 the Deep Elf Fire Elementalist began the quest
                  | for the Orb.
     0 | D:1      | Reached XP level 1. HP: 10/10 MP: 6/6
   382 | D:1      | Reached XP level 2. HP: 15/15 MP: 5/8
  1808 | D:1      | Found a faded altar of an unknown god.
  2131 | D:1      | Reached XP level 3. HP: 19/19 MP: 8/10
  3473 | D:3      | Learned a level 2 spell: Scorch
  3647 | D:2      | Mangled by an iguana

Illustrated notes

Levels and vault maps discovered:
D:1:      dpeg_arrival_three_smaller_balls, layout_basic,
          ebering_ecumenical_altar_mist, serial_rivers,
          chequers_serial_rivers_micro_b, chequers_serial_rivers_micro_a,
          chequers_serial_rivers_room_a, chequers_serial_rivers_room_b,
          corexii_hall_statues_l
D:2:      layout_loops_ring, serial_undead, serial_undead_b, serial_undead_c,
          serial_undead_b, serial_undead_f
D:3:      layout_basic, lemuel_tele_altar, nicolae_tso_swordbearing_angel,
          serial_shops, nicolae_shop_stone, skrybe_limestone_x, uniq_terence,
          uniq_sigmund, uniq_ijyb

Skill      XL: |  1  2  3 |
---------------+----------+-----
Conjurations   | 2 |  2.4
Spellcasting   | 4 |  4.1
Fire Magic     | 4 |  4.0
Dodging        | |  2.4
Stealth        | |  2.4

Action                   || total
-------------------------++-------
Melee: Unarmed           ||     1
 Cast: Foxfire           ||   117
       Scorch            ||     3
Armor: Robe              ||     8
Dodge: Dodged            ||    28
